cohdb
Replays
Latest Replays
All Replays
Popular Replays
Top Player Replays
Match Explorer
How It Works
Community
CoH3 Stats
Reddit
Sign in to upload your games and track your stats! →
Sign in with Steam
Match 39174665
Unlisted
Match 39174665
Overview
Messages
Build Orders
End
Construct Barracks
Engineer Squad
Riflemen Squad
Riflemen Squad
Grenade Package
Riflemen Squad
Riflemen Squad
Infantry Support Center
Construct Medical Station
Construct Weapon Support Center
Bazooka Squad
Construct Tank Depot
M1918 Browning Automatic Rifles
Selects Airborne Battlegroup
Selects Airborne Battlegroup
Selects Heavy Machine Gun Paradrop
M4(105) Sherman Bulldozer
Selects Paratrooper Squad Paradrop
Selects Anti-tank Gun Team Paradrop
Heavy Machine Gun Paradrop
Anti-tank Gun Team Paradrop
Selects Recon Loiter
Selects Paradrop Reinforcements
Engineer Squad
Recon Loiter
Anti-tank Gun Team Paradrop
M4A1 Sherman Medium Tank
Recon Loiter
M4A1 Sherman Medium Tank
XuZhongwei
퓨리[korea]
0
0
Comments
sign in to comment!
No comments posted yet!